 Dungeon Crawl Stone Soup version 0.18-a0-1347-gb9e2fb4 (webtiles) character file.

91 gorblad the Conjurer (level 4, -9/24 HPs)
             Began as a Deep Elf Conjurer on Feb 18, 2016.
             Mangled by anything's ghost (16 damage)
             ... on level 3 of the Dungeon.
             The game lasted 00:09:12 (2276 turns).

gorblad the Conjurer (Deep Elf Conjurer)            Turns: 2276, Time: 00:09:12

Health: -9/24      AC:  3    Str:  5    XL:     4   Next: 33%
Magic:  9/13       EV: 13    Int: 21    God:
Gold:   65         SH:  0    Dex: 15    Spells: 1 memorised, 12 levels left

rFire  . . .     SeeInvis .     (no weapon)
rCold  . . .     Gourm    .     a - +0 robe
rNeg   . . .     Faith    .     (no shield)
rPois  .         Spirit   .     h - +0 helmet
rElec  .         Dismiss  .     (no cloak)
rCorr  .         Reflect  .     (no gloves)
SustAt .         Harm     .     (no boots)
MR     .....                    (no amulet)
Stlth  ++........               (no ring)
                                (no ring)

@: not resistant to hostile enchantments, unstealthy
A: no striking features
a: no special abilities


You were on level 3 of the Dungeon.
You were not hungry.

You visited 1 branch of the dungeon, and saw 3 of its levels.

You collected 65 gold pieces.

Inventory:

Armour
 a - a +0 robe (worn)
 h - a +0 helmet (worn)
Scrolls
 e - a scroll of remove curse {unknown}
 k - 2 scrolls of identify
 p - 2 scrolls of blinking
 r - a scroll of enchant armour {unknown}
Potions
 d - a potion of brilliance
 g - a potion of heal wounds
 i - a potion of curing {unknown}
 m - 2 potions of ambrosia {unknown}
 n - a potion of cure mutation {unknown}
 o - 2 potions of degeneration {unknown}
 q - a potion of haste {unknown}
Books
 b - a book of Conjurations

   Spells                             Type                      Level
   a - Magic Dart                     Conjuration                  1
   b - Searing Ray                    Conjuration                  2
   c - Dazzling Spray                 Conjuration/Hexes            3
   d - Fulminant Prism                Conjuration/Hexes            4
   e - Iskenderun's Mystic Blast      Conjuration                  4
   f - Iskenderun's Battlesphere      Conjuration/Charms           5
Comestibles
 c - 2 bread rations
 f - 5 chunks of flesh
 j - a meat ration
 l - 5 fruits


   Skills:
 - Level 2.4 Dodging
 - Level 2.4 Stealth
 + Level 5.1 Spellcasting
 + Level 5.3 Conjurations


You had 12 spell levels left.
You knew the following spells:

 Your Spells              Type           Power        Failure   Level  Hunger
a - Magic Dart            Conj           ####         1%          1    None


Dungeon Overview and Level Annotations

Branches:
Dungeon (3/15)

Altars:
Cheibriados
Xom
Zin

Annotations:
D:3 anything's ghost, amateur HOAK


Message History

The bat hits you but does no damage. Anything's ghost hits you.
* * * LOW HITPOINT WARNING * * *
The bat barely misses you. The bat hits you but does no damage.
The bat barely misses you. x2
The bat completely misses you. The bat hits you but does no damage.
Casting: Magic Dart
Confirm with . or Enter, or press ? or * to list all spells.
Aiming: Magic Dart
Press: ? - help, Shift-Dir - straight line, f - bat, p - anything's ghost
Aim: a bat The magic dart hits the bat.
You kill the bat!
Anything's ghost barely misses you.
Anything's ghost proudly claims, "A renegade god deserves renegade ghosts."
Anything's ghost says, "What a barren place.
A pity you won't get a chance to visit the Abyss!"
Anything's ghost hits you!
Ouch! That really hurt!
You die...

#... ... .. #.
#########
#.####.......#
#............#
#.####.......#
#.
##...W...###
#.
#....@.....#
..
#..........#
#.
#..........#
#.
#..........#
#.##.#
#####.######
#..#.# #.#
#..#.# #.#
#..#.# #.#
#....# #.#


You could see anything's ghost.

Vanquished Creatures
  A gnoll (D:1)
  3 adders
  A giant gecko (D:2)
  2 giant cockroaches
  7 goblins
  3 hobgoblins (D:1)
  8 jackals (D:1)
  2 quokkas (D:2)
  10 bats
  3 giant newts
  4 kobolds
  7 rats
51 creatures vanquished.

Notes
Turn   | Place    | Note
--------------------------------------------------------------
     0 | D:1      | gorblad the Deep Elf Conjurer began the quest for the Orb.
     0 | D:1      | Reached XP level 1. HP: 10/10 MP: 6/6
   280 | D:1      | Reached XP level 2. HP: 15/15 MP: 4/8
   848 | D:1      | Reached XP level 3. HP: 16/19 MP: 5/10
  1353 | D:2      | Found a shimmering altar of Xom.
  1360 | D:2      | Found a snail-covered altar of Cheibriados.
  1403 | D:2      | Found a glowing silver altar of Zin.
  1424 | D:2      | Reached skill level 5 in Conjurations
  1808 | D:2      | Reached XP level 4. HP: 24/24 MP: 9/12
  2056 | D:2      | Reached skill level 5 in Spellcasting
  2261 | D:3      | Noticed anything's ghost (amateur HOAK)
  2276 | D:3      | Mangled by anything's ghost

Vault maps used:
D:1:      shiori_arrival_elements, st_stairs_3
D:2:      gammafunk_temple_overflow_forgotten, serial_bayou_pond_c
D:3:      first_bread

Action                   |  1- 3 |  4- 6 || total
-------------------------+-------+-------++-------
Melee: Unarmed           |    29 |       ||    29
 Cast: Magic Dart        |    70 |    29 ||    99
  Use: Scroll            |     4 |       ||     4
  Eat: Chunk             |     3 |     1 ||     4
